 Dungeon Sprint DCSS version 0.28-a0-421-gd1dd6c5fb5 (console) character file.

Game seed: 18441366916902775907

14 Morrissey the Twirler (level 2, -1/20 HPs)
             Began as a Gargoyle Gladiator on Sept 8, 2021.
             Slain by an ice beast (12 damage)
             ... in the Dungeon (Sprint IX: "|||||||||||||||||||||||||||||").
             The game lasted 00:00:18 (30 turns).

Morrissey the Twirler (Gargoyle Gladiator)            Turns: 30, Time: 00:00:18

Health: -1/20      AC:  7    Str: 17    XL:     2   Next: 45%
Magic:  2/2        EV: 12    Int:  8    God:
Gold:   0          SH:  0    Dex: 11    Spells: 1/1 levels left

rFire   . . .      SeeInvis .   a - +0 quarterstaff
rCold   . . .      Faith    .   (shield currently unavailable)
rNeg    + . .      Spirit   .   b - +0 leather armour
rPois   ∞          Reflect  .   c - +0 helmet
rElec   +          Harm     .   (no cloak)
rCorr   .          Rampage  .   (no gloves)
Will    .....      NoTele   +   (no boots)
Stlth   +.........              (no amulet)
HPRegen 0.06/turn               (no ring)
MPRegen 0.08/turn               (no ring)

@: no status effects
A: sickness immunity, AC +2, negative energy resistance 1, electricity
resistance, torment resistance 1, petrification resistance
a: no special abilities


You were in the Dungeon.
You visited 1 branch

Inventory:

Hand Weapons
 a - a +0 quarterstaff (weapon)
Missiles
 d - 3 throwing nets (quivered)
Armour
 b - a +0 leather armour (worn)
 c - a +0 helmet (worn)
Scrolls
 j - a scroll of blinking
Potions
 e - a potion of curing
 f - a potion of heal wounds
 g - a potion of haste
 h - 2 potions of magic
 i - a potion of berserk rage


   Skills:
 * Level 3.7 Fighting
 * Level 4.0 Staves
 - Level 1.7 Throwing
 * Level 2.7 Armour
 - Level 2.4 Dodging


You had one spell level left.
You didn't know any spells.
Your spell library was empty.

Dungeon Overview and Level Annotations

Branches:
Dungeon (1/1)

Altars:


Innate Abilities, Weirdness & Mutations

You are immune to sickness and miasma.
Your stone body is resilient. (AC +2)
You are immune to poison.
You resist negative energy. (rN+)
You are resistant to electric shocks. (rElec)
You are resistant to unholy torment.
You are immune to petrification.


Message History

You kill the rat!
No target in view!
There is an open door to the Dungeon, spattered with blood here.
Things that are here:
a rat corpse; a ball python corpse; a bat corpse As you open the door, it creaks loudly!
An ice beast, 2 orcs, a shadow imp and a zombie come into view.
The shadow imp shouts!
The orc shouts!
The shadow imp disappears for a moment.
You sock the shadow imp!
The shadow imp is almost dead.
The shadow imp barely misses you.
You closely miss the shadow imp.
The shadow imp is almost dead.
The shadow imp gestures at you. Pain shoots through your body!
You hit the shadow imp but do no damage.
The shadow imp is almost dead.
The shadow imp closely misses you.
You hit the shadow imp.
The shadow imp is almost dead.
The shadow imp barely misses you.
You barely miss the shadow imp.
The shadow imp is almost dead.
The shadow imp misses you.
You hit the shadow imp.
You kill the shadow imp!
Your Staves skill increases to level 4!
Your Armour skill increases to level 2!
You have reached level 2!
You hit the orc.
The orc is almost dead.
The orc completely misses you. The orc barely misses you.
You thump the orc!
You kill the orc!
You thump the ice beast!
The ice beast is moderately wounded.
The ice beast hits you but does no damage.
The ice beast hits you. The ice beast freezes you!
Ouch! That really hurt!
You die...

▓+▓
▓.▓
▓.▓
▓.▓
▓Z▓
▓o▓
▓Y▓
▓@▓
▓.▓
▓.▓
▓.▓
▓.▓
▓†▓
▓.▓
▓.▓
▓.▓


You could see an ice beast, an orc and an adder zombie.

Vanquished Creatures
  A shadow imp (D)
  An orc (D)
  A ball python (D)
  An endoplasm (D)
  A bat (D)
  A frilled lizard (D)
  A rat (D)
7 creatures vanquished.

Notes
Turn   | Place    | Note
-------+----------+-------------------------------------------
     0 | D        | Morrissey the Gargoyle Gladiator began the quest for the
                  | Orb.
     0 | D        | Reached XP level 1. HP: 12/12 MP: 1/1
     5 | D        | Reached skill level 1 in Armour
    11 | D        | Banished a spatial maelstrom
    21 | D        | Noticed an ice beast
    28 | D        | Reached skill level 4 in Staves
    28 | D        | Reached XP level 2. HP: 13/19 MP: 2/2
    30 | D        | Slain by an ice beast

Illustrated notes

Levels and vault maps discovered:
D:        linesprint [early_d, line_temple, items_1, d_10, items_2, lair_1,
          lair_end, items_3, orc_1, orc_end, items_4, d_15, swamp_1, shoals_1,
          snake_1, spider_1, d_20, vaults_1, items_5, swamp_end, shoals_end,
          snake_end, spider_end, vaults_end, d_27, items_6, zot_1, zot_end,
          crypt_end, forest_end, elf_end, slime_end, tomb_end, abyss_end,
          pan_hell_end]

Skill      XL: |  1 |
---------------+----+-----
Armour         | 2 |  2.7
Fighting       | 3 |  3.7
Staves         | 4 |  4.0
Throwing       | |  1.7
Dodging        | |  2.4

Action                   || total
-------------------------++-------
Melee: Quarterstaff      ||    20
Armor: Leather armour    ||     4
Dodge: Dodged            ||    16

Table legend: (Time is in decaauts)
 A = Elapsed time spent in this place.
 B = Non-inter-level travel time spent in this place.
 C = Inter-level travel time spent in this place.
 D = Time resting spent in this place.
 E = Time spent auto-exploring this place.
 F = Levels seen in this place.
 G = Mean time per level.
                   A        B        C        D        E       F      G
               +--------+--------+--------+--------+--------+-----+--------+
         Total |     32 |     32 |      0 |      0 |      0 |   1 |   32.0 |
       Dungeon |     32 |     32 |      0 |      0 |      0 |   1 |   32.0 |
               +--------+--------+--------+--------+--------+-----+--------+

Top non-repeatable levels by time:
       D: 32 daAuts
